 Dungeon Crawl Stone Soup version 0.13-a0-2202-g857913d (webtiles) character file.

497 Kae the Cudgeler (level 6, -2/79 HPs)
             Began as a Minotaur Berserker on July 2, 2013.
             Was a Priest of Trog.
             Slain by Pikel
             ... wielding a +2,+1 whip of flaming
              (5 damage)
             ... on Level 5 of the Dungeon.
             The game lasted 00:02:43 (2648 turns).

Kae the Cudgeler (Minotaur Berserker)               Turns: 2648, Time: 00:02:44

HP  -2/79        AC  2     Str 27      XL: 6   Next:  4%
MP   2/2         EV 13     Int  4      God: Trog [***...]
Gold 220         SH  0     Dex 11      Spells:  0 memorised,  5 levels left

Res.Fire  : . . .   See Invis. : .   a - +0 mace
Res.Cold  : . . .   Warding    : .   b - +0 animal skin
Life Prot.: . . .   Conserve   : .   (no shield)
Res.Poison: .       Res.Corr.  : .   (helmet restricted)
Res.Elec. : .       Clarity    : +   (no cloak)
Sust.Abil.: . .     Spirit.Shd : .   (no gloves)
Res.Mut.  : .       Stasis     : .   (no boots)
Res.Rott. : .       Flight     : .   e - amulet of clarity
Saprovore : . . .                    (no ring)
                                     (no ring)

@: berserking (expiring), very quick, slightly resistant to hostile
enchantments, extremely unstealthy
A: retaliatory headbutt, horns 2
a: Burn Spellbooks, Berserk, Trog's Hand, Renounce Religion


You were on level 5 of the Dungeon.
You worshipped Trog.
Trog was greatly pleased with you.
You were hungry.

You visited 1 branch of the dungeon, and saw 5 of its levels.

You collected 200 gold pieces.

Inventory:

Hand weapons
 a - a +0,+0 mace (weapon)
Armour
 b - a +0 animal skin (worn)
Magical devices
 d - a wand of digging (8) {unknown}
 r - a wand of fireball (3) {unknown}
Comestibles
 c - 4 bread rations
 i - a choko
 u - 2 meat rations
Scrolls
 h - a scroll of amnesia {unknown}
 j - 6 scrolls of teleportation
 o - a scroll of recharging {unknown}
 p - a scroll of random uselessness {unknown}
 t - a scroll of magic mapping {unknown}
 v - a scroll of remove curse {unknown}
 w - a scroll of enchant weapon I {unknown}
 x - a scroll of enchant weapon II {unknown}
 y - 3 scrolls of identify
 B - a scroll of fear {unknown}
Jewellery
 e - an amulet of clarity (around neck)
 g - an uncursed ring of protection from magic {unknown}
 n - an uncursed amulet of faith
Potions
 f - 2 potions of curing {unknown}
 k - a potion of speed {unknown}
 l - a potion of restore abilities {unknown}
 m - a potion of beneficial mutation {unknown}
 q - a potion of agility {unknown}
 s - a potion of brilliance {unknown}
 z - 2 potions of mutation {unknown}
 A - a potion of heal wounds {unknown}


   Skills:
 + Level 4.9 Fighting
 * Level 5.7 Maces & Flails
 + Level 4.1 Armour
 + Level 3.7 Dodging


You had 5 spell levels left.
You didn't know any spells.

Dungeon Overview and Level Annotations

Branches:
Dungeon (5/27)
 Temple: D:4-7

Altars:

Annotations
D:5 Pikel


Innate Abilities, Weirdness & Mutations

You reflexively headbutt those who attack you in melee.
You have a pair of horns on your head.


Message History

Pikel completely misses you. You furiously retaliate!
You headbutt Pikel!
The crimson imp disappears!
You thump Pikel! Your headbutt misses Pikel.
Pikel is severely wounded.
The centaur hits you from afar with an elven spear!
* * * LOW HITPOINT WARNING * * *
The slave hits you!
* * * LOW HITPOINT WARNING * * *
The orc misses you.
Unknown command.
You are too injured to fight recklessly!
You are too injured to fight recklessly!
You are too injured to fight recklessly!
You sock the orc!
You kill the orc!
Trog accepts your kill.
The centaur hits you from afar with an elven spear!
* * * LOW HITPOINT WARNING * * *
Pikel hits you with a whip of flaming.
You die...

...#.####
....... #>..%?#
.# # #.....# ..#
#.##.....##...#
#...............
#.##...c^##...#
#?.K)[# #.o@@<#
#.##### #. #. ..
.


You could see Pikel, a slave, a centaur and an orc.

Vanquished Creatures
  3 slaves (D:5)
  A centaur skeleton (D:4)
  An ogre skeleton (D:4)
  2 worker ants (D:4)
  Terence (D:2)
  4 adders
  A giant mite (D:1)
  3 worms
  2 giant geckos
  2 oozes
  5 orcs
  3 bats
  4 giant cockroaches
  5 goblins (D:1)
  4 hobgoblins
  6 jackals
  5 kobolds
  4 quokkas
  3 ball pythons
  4 giant newts
  5 rats
68 creatures vanquished.

Notes
Turn   | Place    | Note
--------------------------------------------------------------
     0 | D:1      | Kae, the Minotaur Berserker, began the quest for the Orb.
     0 | D:1      | Reached XP level 1. HP: 19/19 MP: 0/0
    87 | D:1      | Reached XP level 2. HP: 17/26 MP: 0/0
   286 | D:1      | Reached skill level 4 in Maces & Flails
   668 | D:1      | Acquired Trog's second power
   718 | D:1      | Reached XP level 3. HP: 24/33 MP: 1/1
   792 | D:2      | Noticed Terence
   804 | D:2      | Killed Terence
  1256 | D:3      | Reached XP level 4. HP: 16/40 MP: 1/1
  1943 | D:4      | Reached skill level 5 in Maces & Flails
  2129 | D:4      | Reached XP level 5. HP: 32/46 MP: 1/1
  2471 | D:4      | Reached XP level 6. HP: 37/53 MP: 2/2
  2631 | D:5      | Entered Level 5 of the Dungeon
  2638 | D:5      | Noticed Pikel
  2648 | D:5      | HP: 3/79 [centaur/elven spear (11)]
  2648 | D:5      | Slain by Pikel

Action                   |  1- 3 |  4- 6 || total
-------------------------+-------+-------++-------
Melee: Mace              |    86 |    78 ||   164
Invok: Berserk           |       |     2 ||     2
       Trog's Hand       |       |     1 ||     1
  Use: Scroll            |     7 |       ||     7
